 Dungeon Crawl Stone Soup version 0.21.1-1-g345015f (webtiles) character file.

400 shakethe the Shield-Bearer (level 7, -5/52 HPs)
             Began as a Formicid Fighter on Feb 7, 2018.
             Slain by a killer bee (8 damage)
             ... on level 3 of the Dungeon.
             The game lasted 00:06:31 (2945 turns).

shakethe the Shield-Bearer (Formicid Fighter)       Turns: 2945, Time: 00:06:32

Health: -5/52      AC:  6    Str: 20    XL:     7   Next: 10%
Magic:  7/7        EV:  8    Int:  8    God:
Gold:   112        SH: 10    Dex: 12    Spells: 6/6 levels left

rFire    . . .     SeeInvis +   a - +0 war axe
rCold    . . .     Gourm    .   c - +0 shield
rNeg     . . .     Faith    .   b - +0 scale mail
rPois    +         Spirit   .   (helmet unavailable)
rElec    .         Reflect  .   (no cloak)
rCorr    .         Harm     .   (no gloves)
MR       .....                  (no boots)
Stlth    ..........             (no amulet)
HPRegen  0.17/turn              o - ring of poison resistance
MPRegen  0.10/turn              (no ring)

@: drained
A: permanent stasis, dig shafts and tunnels, four strong arms, antennae 3
a: Dig, Shaft Self


You were on level 3 of the Dungeon.
You were very hungry.

You visited 1 branch of the dungeon, and saw 4 of its levels.

You collected 112 gold pieces.

Inventory:

Hand Weapons
 a - a +0 war axe (weapon)
Armour
 b - a +0 scale mail (worn)
 c - a +0 shield (worn)
Jewellery
 o - a ring of poison resistance (left hand)
Scrolls
 e - 2 scrolls of teleportation {unknown}
 h - a scroll of blinking {unknown}
 k - a scroll of fog {unknown}
 n - a scroll of remove curse {unknown}
 p - 2 scrolls of random uselessness {unknown}
 u - a scroll of identify {unknown}
Potions
 g - 2 potions of curing
 i - 3 potions of berserk rage {unknown}
 j - a potion of degeneration {unknown}
 l - a potion of agility {unknown}
 m - a potion of magic {unknown}
 q - a potion of invisibility {unknown}
 s - a potion of haste {unknown}
Books
 r - a book of Transfigurations

   Spells                             Type                      Level
   a - Irradiate                      Conjuration/Transmutation    5
   b - Statue Form                    Transmutation/Earth          6
   c - Hydra Form                     Transmutation                6
   d - Dragon Form                    Transmutation                7
Comestibles
 f - 5 rations


   Skills:
 - Level 3.2 Fighting
 + Level 5.1 Axes
 - Level 3.2 Armour
 + Level 6.8(6.7) Shields


You had 6 spell levels left.
You didn't know any spells.

Dungeon Overview and Level Annotations

Branches:
Dungeon (4/15)
 Temple: D:4-7

Altars:
Hepliaklqana
Makhleb
Sif Muna
Xom


Innate Abilities, Weirdness & Mutations

You cannot be hasted, slowed, berserked, paralysed or teleported.
You can dig through walls and to a lower floor.
Your four strong arms can wield two-handed weapons with a shield.
You have a pair of large antennae on your head. (SInv)


Message History

The killer bee stings you but does no damage.
You block the killer bee's attack. The killer bee barely misses you.
The killer bee stings you but does no damage.
The killer bee stings you.
* * * LOW HITPOINT WARNING * * *
You closely miss the killer bee.
The killer bee is moderately wounded.
You hit the killer bee.
The killer bee stings you but does no damage.
The killer bee stings you.
* * * LOW HITPOINT WARNING * * *
You block the killer bee's attack. The killer bee stings you.
* * * LOW HITPOINT WARNING * * *
The killer bee barely misses you. You block the killer bee's attack.
Your scale mail prevents you from hitting the killer bee.
The killer bee is moderately wounded.
You miss the killer bee. You block the killer bee's attack.
The killer bee stings you but does no damage.
You block the killer bee's attack. The killer bee stings you!
You die...

#.# #)######
########.#### #.###.#
#.##.## ##.....# #.....#
..##.### ####### ####.##
#.##..## #.....# #.#
#.##[#.#####.....# #.#
#>..##...........# #.#
#.......####..(yy#
####.# #.##....# #....@#
#....# ..##.##.##
####### #.####
#.##..>..######## #.#
#.#####.........# #.#
#.#####...#####.# #.#
..........##....# #.#
#.#####......##.# #.#
#.#####.#.#####.######.#
.....##.#.#####..).....#


You could see 2 killer bees.

Vanquished Creatures
  An ogre (D:4)
  A killer bee (D:3)
  An orc priest (D:3)
  Natasha (thrice) (D:2)
  5 adders
  An ooze (D:1)
  2 worms (D:3)
  A dart slug (D:1)
  2 leopard geckos
  17 orcs (D:3)
  3 giant cockroaches
  6 goblins
  7 hobgoblins
  4 jackals (D:1)
  9 kobolds
  3 quokkas (D:3)
  3 ball pythons
  8 bats
  3 frilled lizards
  16 rats
96 creatures vanquished.

Notes
Turn   | Place    | Note
-------+----------+-------------------------------------------
     0 | D:1      | shakethe the Formicid Fighter began the quest for the Orb.
     0 | D:1      | Reached XP level 1. HP: 18/18 MP: 1/1
    40 | D:1      | Reached XP level 2. HP: 21/24 MP: 2/2
    43 | D:1      | Reached skill level 4 in Shields
   152 | D:1      | Reached XP level 3. HP: 23/29 MP: 3/3
   441 | D:1      | You fall through a shaft!
   573 | D:2      | Reached XP level 4. HP: 34/35 MP: 4/4
   644 | D:2      | Found a burning altar of Makhleb.
   754 | D:2      | Noticed Natasha
   762 | D:2      | Killed Natasha
   762 | D:2      | Reached skill level 5 in Shields
  1148 | D:2      | Reached XP level 5. HP: 41/41 MP: 5/5
  1248 | D:2      | Noticed Natasha
  1259 | D:2      | Killed Natasha
  1392 | D:2      | Noticed Natasha
  1395 | D:2      | Killed Natasha
  1682 | D:3      | You fall through a shaft!
  1684 | D:4      | Noticed an ogre
  1689 | D:4      | Killed an ogre
  1689 | D:4      | Reached skill level 6 in Shields
  1689 | D:4      | Reached XP level 6. HP: 47/47 MP: 6/6
  1834 | D:3      | Found a hazy altar of Hepliaklqana.
  2003 | D:3      | Found a deep blue altar of Sif Muna.
  2239 | D:3      | Found a shimmering altar of Xom.
  2499 | D:3      | Reached skill level 5 in Axes
  2647 | D:3      | Reached XP level 7. HP: 11/52 MP: 7/7
  2945 | D:3      | Slain by a killer bee

Skill      XL: |  1  2  3  4  5  6 |
---------------+-------------------+-----
Shields        | 4 5 6 |  6.8
Axes           | 3 4 5 |  5.1
Fighting       | |  3.2
Armour         | |  3.2

Action                   |  1- 3 |  4- 6 |  7- 9 || total
-------------------------+-------+-------+-------++-------
Melee: War axe           |    97 |   215 |    12 ||   324
  Use: Potion            |       |     1 |     1 ||     2
  Eat: Chunk             |       |     6 |       ||     6
Armor: Scale mail        |    42 |    63 |    15 ||   120
Dodge: Dodged            |    43 |    68 |    19 ||   130
Block: Shield            |    73 |   132 |    21 ||   226
